 Dungeon Crawl Stone Soup version 0.13.0-6-g40e4d2d (webtiles) character file.

3716 MirrMurr the Covert (level 9, -8/39 HPs)
             Began as a Spriggan Enchanter on Oct 15, 2013.
             Was a Follower of Ashenzari.
             Mangled by an orc warrior
             ... wielding a -1,+1 orcish halberd
              (19 damage)
             ... on Level 8 of the Dungeon.
             The game lasted 00:39:46 (8072 turns).

MirrMurr the Covert (Spriggan Enchanter)            Turns: 8072, Time: 00:39:46

HP  -8/39        AC  7     Str  7      XL: 9   Next: 80%
MP  24/27        EV 17     Int 17      God: Ashenzari [*.....]
Gold 225         SH 10     Dex 16      Spells:  2 memorised, 17 levels left

Res.Fire  : . . .   See Invis. : +   a - +1,+2 elf dagger (freeze) (curse)
Res.Cold  : . . .   Warding    : .   o - +2 robe {Archmagi} (curse)
Life Prot.: . . .   Conserve   : .   m - +0 buckler
Res.Poison: .       Res.Corr.  : .   (helmet restricted)
Res.Elec. : .       Clarity    : .   y - +2 cloak (curse)
Sust.Abil.: . .     Spirit.Shd : .   (gloves unavailable)
Res.Mut.  : .       Stasis     : .   (boots unavailable)
Res.Rott. : .       Flight     : .   (no amulet)
Saprovore : . . .                    (no ring)
                                     i - cursed +0,+7 ring of slaying

@: very quick, quite resistant to hostile enchantments, extremely stealthy
A: unfitting armour, see invisible, herbivore 3, speed 3, slow metabolism 2
a: Renounce Religion


You were on level 8 of the Dungeon.
You worshipped Ashenzari.
Ashenzari was aware of your devotion.
You were very full.

You visited 2 branches of the dungeon, and saw 9 of its levels.

You collected 467 gold pieces.
You spent 262 gold pieces at shops.

Inventory:

Hand weapons
 a - a cursed +1,+2 elven dagger of freezing (weapon)
 b - a +1,+1 dagger {=f}
Missiles
 d - 10 darts (quivered)
Armour
 m - a +0 buckler (worn)
 o - a cursed +2 robe of the Archmagi (worn)
 y - a cursed +2 cloak (worn)
Magical devices
 h - a wand of slowing (5)
 x - a wand of flame (10)
 B - a wand of draining (11)
Comestibles
 f - 2 chokos
 n - 3 apples
 p - 4 bread rations
 r - 17 cheeses
Scrolls
 j - a scroll of enchant armour
 q - a scroll of remove curse
 s - 2 scrolls of teleportation
 t - 2 scrolls of identify
 z - a scroll of vulnerability {unknown}
 D - a scroll of curse jewellery
Jewellery
 i - a cursed +0,+7 ring of slaying (left hand)
 l - a cursed ring of teleportation
Potions
 e - a potion of porridge
 g - 2 potions of curing
 k - 3 potions of speed
 u - a potion of restore abilities
 v - 2 potions of resistance
 w - 2 potions of invisibility
Books
 c - a book of Maledictions

   Spells                             Type                      Level
   Corona                             Hexes                        1
   Sure Blade                         Hexes/Charms                 2
   *Ensorcelled Hibernation           Hexes/Ice                    2
   *Confuse                           Hexes                        3
   Enslavement                        Hexes                        4
   Invisibility                       Hexes                        6


   Skills:
 - Level 6.5 Short Blades
 - Level 1.1 Throwing
 - Level 3.0 Dodging
 + Level 12.5 Stealth
 + Level 7.3 Spellcasting
 * Level 9.8 Hexes


You had 17 spell levels left.
You knew the following spells:

 Your Spells              Type           Power        Failure   Level  Hunger
a - Ensorcelled Hibernat  Hex/Ice        ####..       2%          2    None
b - Confuse               Hex            ######..     1%          3    ##.....


Dungeon Overview and Level Annotations

Branches:
Dungeon (8/27)             Temple (1/1) D:4
    Orc: D:6-11        Lair: D:8-13

Altars:
Ashenzari
Elyvilon
Fedhas
Makhleb
Nemelex Xobeh
Okawaru
Sif Muna
Trog
Vehumet
Xom
Yredelemnul
Zin
the Shining One

Shops:
D:5 ![[!!   D:6 [

Annotations:
D:3 orc priest
D:7 orcs + centaur + eels


Innate Abilities, Weirdness & Mutations

You are tiny and cannot use many weapons and most armour.
You have supernaturally acute eyesight.
You are a herbivore.
You cover ground extremely quickly.
You need consume almost no food.


Message History

You destroy the active ballistomycete!
Having destroyed the fungal colony, you feel a bit more experienced.
You see here 13 gold pieces.
You block the orc warrior's attack.
Casting: Ensorcelled Hibernation
Confirm with . or Enter, or press ? or * to list all spells.
Aiming: Ensorcelled Hibernation
Press: ? - help, Shift-Dir - straight line, f - orc warrior
Aim: an orc warrior, wielding an orcish halberd and wearing an orcish plate armour You feel a surge of power!
The orc warrior looks drowsy...
The killer bee barely misses you. You block the killer bee's attack.
The orc warrior shouts!
You hit the orc warrior. You freeze the orc warrior.
The orc warrior is moderately wounded.
The orc warrior hits you with an orcish halberd!
Ouch! That really hurt!
* * * LOW HITPOINT WARNING * * *
The killer bee misses you.
The orc warrior hits you from afar with an orcish halberd!
You die...

........ ...#### #
##### ##+#### # $.$
#.....# # ##
#%#####.....# #
#)##.##.##...).# #
#.......)'.....# #
#$##@##.##.....# #
####k#####.....# #
#.o(# #.....######
##.######...)......
#.##.##.##.#
###########
............# #
#.##.##.##$# # #
#.#### # ?.. #


You could see an orc warrior and a killer bee.

Vanquished Creatures
  A hill giant (D:8)
  A hill giant skeleton (D:8)
  A necrophage (D:7)
  2 orc warriors (D:8)
  An ice beast (D:5)
  3 centaurs
  3 ogres
  A giant goldfish (D:7)
  2 giant frogs
  Sigmund (D:5)
  The ghost of Daniel the Cutter, an average DEFi of Okawaru (D:4)
  A big kobold (D:8)
  A wyvern skeleton (D:6)
  A yak zombie (D:8)
  A jellyfish (D:7)
  An electric eel (D:7)
  4 wights (D:5)
  2 goliath beetles (D:6)
  A giant frog zombie (D:6)
  3 hounds
  5 crimson imps
  2 orc priests (D:5)
  A quasit (D:7)
  A jelly (D:8)
  A worker ant (D:6)
  An iguana (D:7)
  3 orc wizards
  A scorpion (D:6)
  An orange rat (D:7)
  A hound skeleton (D:7)
  3 green rats (D:7)
  9 adders
  A giant mite (D:6)
  4 worms
  A giant centipede zombie (D:8)
  4 grey rats (D:7)
  2 giant eyeballs
  5 giant geckos
  An ooze (D:3)
  20 orcs
  9 bats
  A bat skeleton (D:4)
  5 giant cockroaches
  10 goblins
  8 hobgoblins
  5 jackals
  3 quokkas
  4 ball pythons
  A giant gecko zombie (D:6)
  2 giant newts
  A giant spore (D:6)
  A jackal skeleton (D:5)
  17 kobolds
  A kobold skeleton (D:5)
  19 rats
  A rat zombie (D:6)
  5 ballistomycetes
192 creatures vanquished.

Vanquished Creatures (others)
  A giant spore (D:8)
  A ballistomycete (D:8)
2 creatures vanquished.

Grand Total: 194 creatures vanquished

Notes
Turn   | Place    | Note
--------------------------------------------------------------
     0 | D:1      | MirrMurr, the Spriggan Enchanter, began the quest for the Orb.
     0 | D:1      | Reached XP level 1. HP: 9/9 MP: 4/4
   251 | D:1      | Reached skill level 4 in Stealth
   416 | D:1      | Reached XP level 2. HP: 13/13 MP: 6/6
   596 | D:1      | Found a shimmering altar of Xom.
   851 | D:1      | Reached skill level 5 in Stealth
  1129 | D:2      | Found a white marble altar of Elyvilon.
  1154 | D:2      | Learned a level 2 spell: Ensorcelled Hibernation
  1315 | D:2      | Found a shimmering altar of Xom.
  1318 | D:2      | Found a bloodstained altar of Trog.
  1321 | D:2      | Found an iron altar of Okawaru.
  1324 | D:2      | Found a deep blue altar of Sif Muna.
  1348 | D:2      | Reached XP level 3. HP: 16/16 MP: 9/9
  2377 | D:3      | Reached XP level 4. HP: 19/21 MP: 9/11
  2428 | D:3      | HP: 1/21 [giant cockroach (1)]
  2705 | D:3      | Reached skill level 6 in Stealth
  3103 | D:3      | Reached XP level 5. HP: 24/24 MP: 13/13
  3152 | D:4      | Noticed Daniel's ghost (average DEFi)
  3157 | D:4      | Learned a level 3 spell: Confuse
  3247 | D:4      | Killed Daniel's ghost
  3247 | D:4      | Reached skill level 7 in Stealth
  3415 | D:4      | Found a staircase to the Ecumenical Temple.
  3430 | Temple   | Entered the Ecumenical Temple
  3525 | Temple   | Became a worshipper of Ashenzari the Shackled
  3584 | D:4      | Noticed an ogre
  3593 | D:4      | Killed an ogre
  3593 | D:4      | Reached skill level 8 in Stealth
  3593 | D:4      | Reached XP level 6. HP: 28/28 MP: 13/16
  3616 | D:4      | Noticed an ogre
  3628 | D:4      | Killed an ogre
  3659 | D:4      | Noticed a centaur
  3676 | D:4      | Killed a centaur
  3676 | D:4      | Reached skill level 5 in Short Blades
  3927 | D:3      | Found a burning altar of Makhleb.
  4247 | D:5      | Entered Level 5 of the Dungeon
  4353 | D:5      | Reached skill level 9 in Stealth
  4353 | D:5      | Reached XP level 7. HP: 32/32 MP: 12/19
  4451 | D:5      | Found Pnubeg's Distillery.
  4583 | D:5      | Bought a potion of resistance for 84 gold pieces
  4583 | D:5      | Bought a potion of degeneration for 24 gold pieces
  4583 | D:5      | Bought 2 potions of invisibility for 132 gold pieces
  4818 | D:5      | Found Uraus' Distillery.
  4850 | D:5      | Reached skill level 10 in Stealth
  5017 | D:5      | Found Rufull's Distillery.
  5038 | D:5      | Bought a potion of curing for 22 gold pieces
  5053 | D:5      | Found Qaevaege's Antique Armour Shoppe.
  5113 | D:5      | Noticed Sigmund
  5121 | D:5      | Killed Sigmund
  5234 | D:5      | Found Raadoas' Armour Boutique.
  5444 | D:5      | Reached XP level 8. HP: 36/36 MP: 17/22
  5680 | D:5      | Paralysed by a giant eyeball for 3 turns
  5813 | D:6      | Found a blossoming altar of Fedhas.
  5839 | D:6      | Found Chefuo Xythro's Armour Shop.
  5989 | D:6      | Reached skill level 5 in Hexes
  6004 | D:6      | Reached skill level 11 in Stealth
  6034 | D:6      | Reached skill level 5 in Spellcasting
  6394 | D:6      | Found a glowing golden altar of the Shining One.
  7261 | D:7      | Reached XP level 9. HP: 23/39 MP: 19/25
  7273 | D:7      | Paralysed by a giant eyeball for 3 turns
  7935 | D:8      | Noticed a hill giant
  7965 | D:8      | Killed a hill giant
  7965 | D:8      | Reached skill level 12 in Stealth
  8072 | D:8      | Mangled by an orc warrior

Action                   |  1- 3 |  4- 6 |  7- 9 || total
-------------------------+-------+-------+-------++-------
Melee: Dagger            |   143 |    65 |   237 ||   445
Throw: Dart              |     6 |       |     2 ||     8
 Cast: Corona            |     2 |       |       ||     2
       Ensorcelled Hiber |     1 |    12 |    82 ||    95
       Confuse           |       |     4 |    10 ||    14
Evoke: Wand              |     1 |       |     2 ||     3
  Use: Scroll            |     2 |     7 |    10 ||    19
       Potion            |       |     8 |       ||     8
 Stab: Sleeping          |    10 |    11 |    62 ||    83
       Distracted        |       |     1 |       ||     1
       Confused          |       |     2 |     6 ||     8
